 Dungeon Crawl Stone Soup version 0.32-a0-656-g3542139ebd (webtiles) character file.

Game seed: 6913813075053853135

475 ytrimaz the Shooter (level 7, 0/55 HPs)
             Began as a Coglin Hunter on Mar 8, 2024.
             Slain by a hornet (15 damage)
             ... on level 4 of the Dungeon.
             The game lasted 00:04:06 (2295 turns).

ytrimaz the Shooter (Coglin Hunter)                 Turns: 2295, Time: 00:04:07

Health: 0/55       AC:  6    Str:  9    XL:     7   Next: 10%
Magic:  7/7        EV: 13    Int:  9    God:
Gold:   274        SH:  0    Dex: 19    Spells: 6/6 levels left

rFire   . . .        a - +2 sling {Narong}
rCold   . . .        d - +0 sling {Si-Tayit}
rNeg    . . .        c - +0 leather armour
rPois   .            (no helmet)
rElec   .            i - scarf {harm}
rCorr   .            m - +0 pair of gloves {hurl}
SInv    .            (no boots)
Will    +....        (amulet unavailable)
Stlth   ++           (ring unavailable)
HPRegen 0.29/turn    (ring unavailable)
MPRegen 0.10/turn    (no gizmo)

%: harm (+30% outgoing, +20% incoming)
@: hasted, revved, very quick
A: off-hand wielding, slow wielding, warmup strikes, no jewellery, iridescent
scales 1, strong-willed 1, weak 1
a: Invent Gizmo


You were on level 4 of the Dungeon.
You visited 1 branch of the dungeon, and saw 4 of its levels.

You collected 274 gold pieces.


Innate Abilities, Weirdness & Mutations

You can wield a second weapon in your off-hand.
It takes a long time for you to wield or remove held weapons.
Your first few attacks do less damage.
You cannot equip rings or amulets.
You are partially covered in iridescent scales. (AC +2)
You are strong-willed. (Will+)
You are weak. (Str -2)


   Skills:
 + Level 4.5 Fighting
 + Level 5.2 Ranged Weapons
 + Level 4.1 Dodging
 - Level 0.7 Stealth


You had 6 spell levels left.
You didn't know any spells.
Your spell library was empty.

Inventory:

Hand Weapons
 a - a +2 sling (weapon) {Narong}
 d - a +0 sling (offhand) {Si-Tayit}
Armour
 c - a +0 leather armour (worn)
 i - a scarf of harm (worn)
   (You found it on level 2 of the Dungeon)
 m - a +0 pair of gloves of hurling (worn)
   (You found it on level 4 of the Dungeon)
Scrolls
 l - 2 scrolls of identify
 n - a scroll of blinking {unknown}
Potions
 f - a potion of curing
 g - a potion of heal wounds
 k - 2 potions of brilliance

Dungeon Overview and Level Annotations

Branches:
Dungeon (4/15) Zot: 21654
 Temple: D:4-7

Altars:
Cheibriados
Trog

Annotations:
D:4 1 runed translucent door, jrder's ghost, novice BaFi

#.######################## ###.##
#....#### ######.#.....# ###
........#.##.# #####.#
........#.##.###########.....####
........#........................
.....#.#####.###########.###.####
...[.#....##.##y@.)........#<..#
.....#....##....#.####)#.#.#.#.#
.)...+....'..รท..#....#.#.#.#.#.#
#.b..#....##....###..).#.#.#.#.##
##...#....##....'......#.#.#.....
.##.b..yb.##....####.###.#.#...#+
..##..b...##.##..........#.#.#.#.
..W+..##.###.###...#.#####.#.#.#.
..##......................>#...#.


You could see a hornet (inner flame).


Message History

Your butterfly disappears in a burst of colours!
Fire: a) +2 sling {Narong}
Press: ? - help, Q - select action Shift-Dir - straight line, f/p - hornet
Aim: a hornet (ally target, 53% to hit)
You shoot a sling bullet. The sling bullet hits the hornet.
You shoot a sling bullet.
The sling bullet closely misses the hornet.
Fire: a) +2 sling {Narong}
Press: ? - help, Q - select action Shift-Dir - straight line, f/p - hornet
Aim: a hornet (lightly wounded, ally target, 53% to hit)
You shoot a sling bullet. The sling bullet hits the hornet.
You shoot a sling bullet. The sling bullet hits the hornet!
The hornet stings you.
You are poisoned.
You feel yourself slow down. ๐Ÿ˜• HP[-2]
You take 2 damage, and now have 53/55 hp.
Fire: a) +2 sling {Narong}
Press: ? - help, Q - select action Shift-Dir - straight line, f/p - hornet
Aim: a hornet (heavily wounded, ally target, 53% to hit)
You shoot a sling bullet. The sling bullet hits the hornet.
You shoot a sling bullet.
The sling bullet hits the hornet but does no damage.
You hear the brisk rusting of a distant drain.
You feel yourself speed up.
You feel very sick.
Your butterfly disappears in a burst of colours!
The hornet stings you.
You suddenly lose the ability to move!
The hornet stings you.
You feel yourself slow down.
The hornet stings you but does no damage.
You can move again. ๐Ÿ˜• HP[-9]
You take 9 damage, and now have 44/55 hp.
Unknown command.
Unknown command.
Fire: a) +2 sling {Narong}
Press: ? - help, Q - select action Shift-Dir - straight line, f/p - hornet
Aim: a hornet (heavily wounded, ally target, 53% to hit)
You shoot a sling bullet. The sling bullet hits the hornet.
You shoot a sling bullet.
The sling bullet barely misses the hornet.
You feel yourself speed up.
You feel sick. The hornet barely misses you. The hornet misses you. ๐Ÿ˜• HP[-2]
You take 2 damage, and now have 42/55 hp.
Unknown command.
Unknown command.
It was a potion of haste.
You feel yourself speed up.
You feel sick. The hornet stings you!
You feel yourself slow down.
The hornet stings you but does no damage. ๐Ÿ˜ฎ HP[-10]
You take 10 damage, and now have 32/55 hp.
Unknown command.
Unknown command.
Fire: a) +2 sling {Narong}
Press: ? - help, Q - select action Shift-Dir - straight line, f/p - hornet
Aim: a hornet (heavily wounded, ally target, 53% to hit)
You shoot a sling bullet.
The sling bullet hits the hornet but does no damage.
You shoot a sling bullet. The sling bullet misses the hornet.
You feel sick. The hornet closely misses you.
Unknown command.
Fire: a) +2 sling {Narong}
Press: ? - help, Q - select action Shift-Dir - straight line, f/p - hornet
Aim: a hornet (heavily wounded, ally target, 53% to hit)
You shoot a sling bullet. The sling bullet misses the hornet.
You shoot a sling bullet.
The sling bullet closely misses the hornet.
You feel sick. The hornet barely misses you.
The hornet completely misses you. ๐Ÿ˜ฎ HP[-1]
You take 1 damage, and now have 31/55 hp.
Unknown command.
Fire: a) +2 sling {Narong}
Press: ? - help, Q - select action Shift-Dir - straight line, f/p - hornet
Aim: a hornet (heavily wounded, ally target, 53% to hit)
You shoot a sling bullet.
The sling bullet closely misses the hornet.
You shoot a sling bullet.
The sling bullet completely misses the hornet.
You feel yourself speed up.
You feel sick.
You are no longer poisoned.
Your butterfly disappears in a burst of colours!
The hornet stings you!
* * * LOW HITPOINT WARNING * * *
You feel yourself slow down.
The hornet closely misses you. ๐Ÿ˜จ HP[-17]
You take 17 damage, and now have 14/55 hp.
MASSIVE DAMAGE!! (PAUSE)
As you read the scroll labelled DEONUNN GERUST, it crumbles to dust.
The creatures around you are filled with an inner flame!
It was a scroll of immolation.
You feel yourself speed up.
Your butterfly disappears in a burst of colours!
The hornet stings you!
You die...

Skill      XL: |  1  2  3  4  5  6 |
---------------+-------------------+-----
Dodging        | 2 3 4 |  4.1
Ranged Weapons | 4 5 |  5.2
Fighting       | 3 4 |  4.5
Stealth        | |  0.7

Action                     |  1- 3 |  4- 6 |  7- 9 || total
---------------------------+-------+-------+-------++-------
   Fire: Sling             |   124 |   244 |    60 ||   428
    Use: Scroll            |     2 |     3 |     2 ||     7
         Potion            |     1 |     1 |     3 ||     5
 Armour: Leather armour    |    27 |    15 |    15 ||    57
  Dodge: Dodged            |    19 |    12 |    14 ||    45

Levels and vault maps discovered:
D:1:      eino_arrival_cavern_c, layout_basic
D:2:      layout_basic, basic_altar
D:3:      layout_rooms, hellmonk_ecumenical_altar_arch_garden, uniq_sigmund
D:4:      layout_basic, mainiacjoe_overflow_surrounded_room,
          portal_sewer_entry_f, hellmonk_ghost_happy_afterlife

Notes
Turn   | Place    | Note
-------+----------+-------------------------------------------
     0 | D:1      | ytrimaz the Coglin Hunter began the quest for the Orb.
     0 | D:1      | Reached XP level 1. HP: 16/16 MP: 1/1
     0 | D:1      | magus.rc [v1.9.6]
    61 | D:1      | Reached skill level 2 in Dodging
   110 | D:1      | Reached XP level 2. HP: 22/22 MP: 2/2
   630 | D:1      | Reached skill level 4 in Ranged Weapons
   630 | D:1      | Reached XP level 3. HP: 26/28 MP: 3/3
   632 | D:1      | Gained mutation: You are weak. (Str -2) [potion of
                  | mutation]
   632 | D:1      | Gained mutation: You are strong-willed. (Will+) [potion of
                  | mutation]
   632 | D:1      | Gained mutation: You are partially covered in iridescent
                  | scales. (AC +2) [potion of mutation]
   731 | D:2      | HP: 7/28 [poisoned by an adder]
   833 | D:2      | Reached XP level 4. HP: 34/34 MP: 4/4
  1086 | D:2      | Found a bloodstained altar of Trog.
  1420 | D:3      | Reached skill level 3 in Fighting
  1489 | D:3      | Noticed Sigmund
  1509 | D:3      | Killed Sigmund
  1510 | D:3      | Reached skill level 3 in Dodging
  1510 | D:3      | Reached XP level 5. HP: 29/42 MP: 5/5
  1510 | D:3      | Reached XP level 6. HP: 33/48 MP: 6/6
  1627 | D:3      | Reached skill level 4 in Fighting
  1769 | D:3      | Reached skill level 5 in Ranged Weapons
  1915 | D:3      | Found a faded altar of an unknown god.
  1970 | D:4      | Reached skill level 4 in Dodging
  1992 | D:4      | Found a runed translucent door.
  1994 | D:4      | Noticed jrder's ghost (novice BaFi)
  2046 | D:4      | Reached XP level 7. HP: 55/55 MP: 7/7
  2145 | D:4      | Found a snail-covered altar of Cheibriados.
  2253 | D:4      | Noticed a hornet
  2289 | D:4      | Paralysed by a hornet for 1 turns
  2295 | D:4      | Slain by a hornet

Vanquished Creatures
  Sigmund (D:3)
  A howler monkey (D:4)
  A bombardier beetle (D:3)
  2 orc priests (D:3)
  5 gnolls
  5 adders
  3 dart slugs
  3 ribbon worms (D:2)
  An orc (D:3)
  7 endoplasms
  3 giant cockroaches
  8 goblins
  9 hobgoblins
  11 jackals
  3 kobolds
  2 quokkas (D:2)
  5 ball pythons
  4 bats
  3 frilled lizards
  3 rats
80 creatures vanquished.

Table legend:
 A = Non-vault XP
 B = Vault XP
 C = Vault XP percentage of total XP
 D = Non-vault monster count
 E = Vault monster count
 F = Vault count percentage of total count
                 A         B        C        D         E       F
            +---------+---------+-------+---------+---------+-------
      Total |     456 |     223 |  32.8 |      79 |       1 |   1.2
            +---------+---------+-------+---------+---------+-------
        D:1 |      46 |       0 |   0.0 |      17 |       0 |   0.0
        D:2 |      66 |       0 |   0.0 |      26 |       0 |   0.0
        D:3 |     176 |     223 |  55.9 |      21 |       1 |   4.5
        D:4 |     168 |       0 |   0.0 |      15 |       0 |   0.0
            +---------+---------+-------+---------+---------+-------

Skill      XL: |  1  2  3  4  5  6 |
---------------+-------------------+-----
Dodging        | 2 3 4 |  4.1
Ranged Weapons | 4 5 |  5.2
Fighting       | 3 4 |  4.5
Stealth        | |  0.7

Action                     |  1- 3 |  4- 6 |  7- 9 || total
---------------------------+-------+-------+-------++-------
   Fire: Sling             |   124 |   244 |    60 ||   428
    Use: Scroll            |     2 |     3 |     2 ||     7
         Potion            |     1 |     1 |     3 ||     5
 Armour: Leather armour    |    27 |    15 |    15 ||    57
  Dodge: Dodged            |    19 |    12 |    14 ||    45

Illustrated notes

Table legend:
 A = Kills in this place as a percentage of kills in the entire game.
 B = Kills by you in this place as a percentage of kills by you in the entire game.
 C = Kills by friends in this place as a percentage of kills by friends in the entire game.
 D = Other kills in this place as a percentage of other kills in the entire game.
 E = Experience gained in this place as a percentage of experience gained in the entire game.
 F = Experience gained in this place divided by the number of levels of this place that you have seen.
                   A       B       C       D       E      F
               +-------+-------+-------+-------+-------+----------------------
         Total | 100.0 | 100.0 |   N/A |   N/A | 100.0 | 169.8
       Dungeon | 100.0 | 100.0 |   N/A |   N/A | 100.0 | 169.8
               +-------+-------+-------+-------+-------+----------------------

Table legend: (Time is in decaauts)
 A = Elapsed time spent in this place.
 B = Non-inter-level travel time spent in this place.
 C = Inter-level travel time spent in this place.
 D = Time resting spent in this place.
 E = Time spent auto-exploring this place.
 F = Levels seen in this place.
 G = Mean time per level.
                   A        B        C        D        E       F      G
               +--------+--------+--------+--------+--------+-----+--------+
         Total |   2344 |   2280 |     64 |      0 |   1846 |   4 |  586.0 |
       Dungeon |   2344 |   2280 |     64 |      0 |   1846 |   4 |  586.0 |
               +--------+--------+--------+--------+--------+-----+--------+

Top non-repeatable levels by time:
     D:1: 686 daAuts
     D:2: 657 daAuts
     D:3: 639 daAuts
     D:4: 361 daAuts
